 Dungeon Crawl Stone Soup version 0.20.0-7-g3b7b877 (webtiles) character file.

833 Inarius the Stinger (level 7, -1/52 HPs)
             Began as a Black Draconian Venom Mage on May 29, 2017.
             Was an Initiate of Vehumet.
             Slain by a hound (4 damage)
             ... on level 4 of the Dungeon.
             The game lasted 00:17:47 (4968 turns).

Inarius the Stinger (Black Draconian Venom Mage)    Turns: 4968, Time: 00:17:48

Health: -1/52      AC:  9    Str: 11    XL:     7   Next: 65%
Magic:  1/13       EV: 12    Int: 17    God:    Vehumet [......]
Gold:   154        SH:  0    Dex: 11    Spells: 3/15 levels left

rFire    + . .     SeeInvis .   e - +0 rapier
rCold    x . .     Gourm    .   (no shield)
rNeg     . . .     Faith    .   (armour unavailable)
rPois    .         Spirit   .   (helmet restricted)
rElec    +         Reflect  .   (no cloak)
rCorr    .         Harm     .   (no gloves)
MR       .....                  (no boots)
Stlth    ++........             p - amulet of rage
Regen    0.2/turn               f - ring of fire
MPRegen  0.2/turn               s - +3 ring of protection

@: short of breath
A: breathe lightning, unfitting armour, electricity resistance, cold-blooded, AC
+6
a: Breathe Lightning, Renounce Religion, Evoke Berserk Rage


You were on level 4 of the Dungeon.
You worshipped Vehumet.
Vehumet was noncommittal.
You were not hungry.

You visited 1 branch of the dungeon, and saw 4 of its levels.

You collected 154 gold pieces.

Inventory:

Hand Weapons
 e - a +0 rapier (weapon)
 n - a +3 dagger
 o - a +2 spear of piercing
 t - a +0 hand axe of freezing
Jewellery
 f - a ring of fire (left hand)
 p - an amulet of rage (around neck)
 s - a +3 ring of protection (right hand)
 v - an uncursed ring of ice
Wands
 x - a wand of confusion (13/48)
Scrolls
 c - a scroll of random uselessness {unknown}
 j - a scroll of enchant weapon {unknown}
 q - 3 scrolls of identify {unknown}
Potions
 h - 3 potions of heal wounds {unknown}
 k - a potion of mutation {unknown}
 l - a potion of lignification {unknown}
 m - a potion of agility {unknown}
 r - 2 potions of curing {unknown}
 u - a potion of flight {unknown}
 w - a potion of haste {unknown}
 z - a potion of resistance {unknown}
Books
 a - a Young Poisoner's Handbook

   Spells                             Type                      Level
   a - Sting                          Conjuration/Poison           1
   b - Poisonous Vapours              Poison/Air                   2
   c - Mephitic Cloud                 Conjuration/Poison/Air       3
   d - Olgreb's Toxic Radiance        Poison                       4
   e - Venom Bolt                     Conjuration/Poison           5
Comestibles
 b - a bread ration
 d - a meat ration
 g - a royal jelly
 i - 4 chunks of flesh


   Skills:
 + Level 1.0 Fighting
 + Level 2.1 Dodging
 - Level 1.7 Stealth
 + Level 4.5 Spellcasting
 * Level 4.0 Conjurations
 + Level 4.7 Air Magic
 + Level 5.0 Poison Magic


You had 3 spell levels left.
You knew the following spells:

 Your Spells              Type           Power        Failure   Level  Hunger
a - Sting                 Conj/Pois      ###.         2%          1    None
b - Poisonous Vapours     Pois/Air       ###...       3%          2    ##.....
c - Olgreb's Toxic Radia  Pois           ###.....     19%         4    ####...
d - Venom Bolt            Conj/Pois      ###.......   54%         5    ######.


Dungeon Overview and Level Annotations

Branches:
Dungeon (4/15)
 Temple: D:4-7

Altars:
Ashenzari
Dithmenos
Fedhas
Hepliaklqana
Kikubaaqudgha
Qazlal
Sif Muna
Trog
Vehumet
The Shining One

Shops:
D:4 ([*


Innate Abilities, Weirdness & Mutations

You can breathe wild blasts of lightning.
Your glossy black scales are hard. (AC +6)
You cannot fit into any form of body armour.
You are resistant to electric shocks. (rElec)
You are cold-blooded and may be slowed by cold attacks.


Message History

The orc warrior is almost dead.
The orc warrior closely misses you.
You closely miss the orc warrior.
The orc warrior is almost dead.
The orc warrior hits you with a long sword.
You breathe a wild blast of lightning!
You hear a mighty clap of thunder! x2
You feel somewhat more hungry.
You hear a bark!
The orc warrior hits you with a long sword!
* * * LOW HITPOINT WARNING * * *
A hound comes into view.
The orc warrior hits you with a long sword!
* * * LOW HITPOINT WARNING * * *
A gnoll comes into view. It is wielding a club.
You kill the orc warrior!
Vehumet accepts your kill.
Your Conjurations skill increases to level 4!
The hound bites you.
You die...

#.....##.....#####...#######.##.#
#.....+......### #...# #......#.#
#.....###......# ##### #.# ##...#
#.....# #......# #.# #8.8.
#.....######...# #######.####.⌠.⌠
##.......# #...###.......[...8.∩.
#.......# #.....#............⌠.⌠
#.......# #.....#...........8.8.
#.......###...h@............%...
#...............)..####...##....
#...........###....# ###.####..
#######.....# #....# #.# #..
#.....# #....# ..# #.. #.....#
#....# #.# ##. #######.....#
.....# .## ##
#...........#......# . #
#.......##### ..#### #


You could see a hound.

Vanquished Creatures
  A moth of wrath (D:2)
  An orc warrior (D:4)
  An ogre (D:4)
  2 hounds (D:4)
  An orc wizard (D:4)
  An iguana (D:4)
  A worker ant (D:4)
  4 gnolls
  5 adders
  An ooze (D:1)
  5 worms
  2 dart slugs (D:2)
  4 leopard geckos
  6 orcs
  3 ball pythons
  3 giant cockroaches
  6 goblins
  7 hobgoblins
  3 jackals (D:2)
  8 kobolds
  A quokka (D:3)
  6 bats
  5 frilled lizards
  9 rats
86 creatures vanquished.

Notes
Turn   | Place    | Note
-------+----------+-------------------------------------------
     0 | D:1      | Inarius the Draconian Venom Mage began the quest for the Orb.
     0 | D:1      | Reached XP level 1. HP: 14/14 MP: 3/3
    92 | D:1      | Reached XP level 2. HP: 15/20 MP: 0/5
   112 | D:1      | Learned a level 2 spell: Poisonous Vapours
  1093 | D:2      | Reached XP level 3. HP: 26/26 MP: 4/6
  1145 | D:2      | Found a blossoming altar of Fedhas.
  1147 | D:2      | Found a stormy altar of Qazlal.
  1507 | D:2      | Reached skill level 1 in Air Magic
  1731 | D:2      | Noticed a moth of wrath
  1733 | D:2      | Found a bloodstained altar of Trog.
  2153 | D:2      | Killed a moth of wrath
  2153 | D:2      | Reached skill level 4 in Poison Magic
  2153 | D:2      | Reached XP level 4. HP: 34/34 MP: 1/9
  2153 | D:2      | Reached XP level 5. HP: 39/39 MP: 1/10
  2153 | D:2      | Reached XP level 6. HP: 46/46 MP: 1/11
  2523 | D:2      | Learned a level 4 spell: Olgreb's Toxic Radiance
  3239 | D:3      | Found a hazy altar of Hepliaklqana.
  3426 | D:3      | Reached skill level 1 in Fighting
  4202 | D:3      | Found a radiant altar of Vehumet.
  4202 | D:3      | Found a deep blue altar of Sif Muna.
  4208 | D:3      | Found a shattered altar of Ashenzari.
  4210 | D:3      | Became a worshipper of Vehumet
  4213 | D:3      | Found a glowing golden altar of the Shining One.
  4215 | D:3      | Found a shadowy altar of Dithmenos.
  4424 | D:3      | Learned a level 5 spell: Venom Bolt
  4567 | D:4      | Your scales start taking on a glossy black colour.
  4567 | D:4      | Reached XP level 7. HP: 52/52 MP: 4/12
  4567 | D:4      | Gained mutation: You are resistant to electric shocks. (rElec) [Black Draconian growth]
  4575 | D:4      | Found an ancient bone altar of Kikubaaqudgha.
  4725 | D:4      | Found Fostoilu's Weapon Boutique.
  4737 | D:4      | Found Milyhi Dohi's Antique Armour Shoppe.
  4754 | D:4      | Found Gutied's Assorted Antiques.
  4926 | D:4      | Reached skill level 5 in Poison Magic
  4966 | D:4      | HP: 2/52 [orc warrior/long sword (7)]
  4968 | D:4      | Slain by a hound

Skill      XL: |  1  2  3  4  5  6  7 |
---------------+----------------------+-----
Air Magic      | 2 3 4 |  4.7
Dodging        | 2 |  2.1
Spellcasting   | 3 4 |  4.5
Conjurations   | 3 4 |  4.0
Poison Magic   | 4 5 |  5.0
Fighting       | 1 |  1.0
Stealth        | |  1.7

Action                   |  1- 3 |  4- 6 |  7- 9 || total
-------------------------+-------+-------+-------++-------
Melee: Dagger            |    54 |    23 |       ||    77
       Tailslap          |     6 |     3 |     3 ||    12
       Rapier            |       |    20 |    17 ||    37
 Cast: Sting             |    51 |    38 |     5 ||    94
       Poisonous Vapours |    14 |    34 |    18 ||    66
 Abil: Breathe Lightning |       |       |     2 ||     2
  Use: Scroll            |       |     4 |       ||     4
  Eat: Chunk             |     4 |     5 |     2 ||    11
       Fruit             |     1 |       |       ||     1
       Bread ration      |       |     1 |       ||     1
Armor: Skin              |    16 |    13 |     3 ||    32
Dodge: Dodged            |    39 |    35 |    11 ||    85
